AoeStats
← _Orca_

Pilgrims

507481457Analyzed
3v3 RM · 13d ago on Sep 18, 2026· 67m 48s· 6 players
Game mode
Random Map
Map size
Normal (6 player)
Population
200
Speed
Normal
Resources
Standard
Victory
Conquest
Starting age
Dark Age
Ending age
Imperial Age
RankedLock teamsTeams togetherTeam positionsShared explorationLock speedFull tech treeHidden civsTurbo modeCheats
Victory
Defeat
🇧🇩 Armenians · Bangladesh
1334
+18
🇨🇦 Dravidians · Canada
1319
+18
🇮🇳 Portuguese · India
1304
+19
🇫🇷 Goths · France
1510
-24
🇫🇷 Spanish · France
1315
-16
🇫🇷 Ethiopians · France
1296
-15
_Orca_
5:29 Loom
11:44 Feudal Age
12:37 Double-Bit Axe
12:52 Man-at-Arms
13:18 Arson
16:03 Castle Age
14:01 Long Swordsman
14:51 Scale Mail Armor
15:04 Horse Collar
18:33 Squires
20:19 Gambesons
24:02 Two-Handed Swordsman
25:53 Town Watch
27:49 Wheelbarrow
28:05 Elite Skirmisher
30:59 Fletching
31:10 Padded Archer Armor
32:00 Hand Cart
32:22 Leather Archer Armor
33:16 Bodkin Arrow
33:37 Chain Mail Armor
33:32 Forging
34:13 Bow Saw
33:56 Gold Mining
33:58 Stone Mining
37:22 Gold Shaft Mining
37:24 Iron Casting
36:35 Champion
42:14 Imperial Age
40:41 Pikeman
41:14 Halberdier
43:18 Fereters
43:35 Conscription
43:56 Hoardings
44:44 Plate Mail Armor
45:15 Blast Furnace
44:15 Bracer
44:48 Ring Archer Armor
45:12 Coinage
45:06 Capped Ram
46:18 Fortified Wall
46:19 Masonry
46:05 Murder Holes
45:53 Siege Ram
46:58 Heavy Plow
48:07 Ballistics
48:47 Chemistry
51:16 Banking
50:57 Guilds
57:20 Chemistry
55:47 Elite Composite Bowman
67:36 Caravan
Paparoni
6:06 Loom
13:39 Feudal Age
14:28 Double-Bit Axe
19:30 Fletching
30:21 Castle Age
36:46 Scale Mail Armor
36:57 Forging
37:44 Bow Saw
41:48 Imperial Age
42:54 Iron Casting
42:35 Chain Mail Armor
59:18 Blast Furnace
58:49 Plate Mail Armor
58:28 Bodkin Arrow
58:33 Padded Archer Armor
59:18 Bracer
60:38 Elite Skirmisher
62:03 Elite Elephant Archer
62:59 Thumb Ring
64:41 Leather Archer Armor
68:16 Ballistics
chanakya
8:11 Loom
12:23 Feudal Age
19:11 Castle Age
17:01 Fishing Lines
18:43 Double-Bit Axe
20:02 Medium Warships
20:16 Gillnets
22:42 Wheelbarrow
30:36 Bow Saw
31:59 Hand Cart
47:23 Imperial Age
46:56 Thumb Ring
47:49 Fletching
48:00 Padded Archer Armor
50:17 Chemistry
50:12 Bodkin Arrow
52:47 Bracer
55:04 Ballistics
60:48 Leather Archer Armor
68:27 Conscription
ya3
14:21 Feudal Age
18:51 Padded Archer Armor
29:06 Horse Collar
46:16 Castle Age
45:07 Double-Bit Axe
49:26 Horse Collar
54:51 Elite Skirmisher
57:33 Thumb Ring
58:09 Ballistics
58:00 Careening
58:00 Fortified Wall
61:02 Imperial Age
58:30 Fletching
61:15 Leather Archer Armor
60:56 Bodkin Arrow
63:55 Fortified Wall
66:41 Chemistry
66:18 Ring Archer Armor
66:05 Crossbowman
yalaric
6:09 Loom
12:33 Feudal Age
16:56 Castle Age
25:05 Padded Archer Armor
44:19 Leather Archer Armor
44:09 Double-Bit Axe
44:10 Horse Collar
49:52 Wheelbarrow
49:02 Town Watch
58:25 Imperial Age
56:26 Bow Saw
56:34 Bloodlines
64:04 Ring Archer Armor
63:07 Elite Conquistador
64:08 Conscription
JiKa
8:10 Loom
10:10 Feudal Age
10:42 Double-Bit Axe
15:49 Fletching
19:34 Castle Age
20:27 Medium Warships
20:37 Bow Saw
20:29 Bodkin Arrow
21:44 Ballistics
23:39 Horse Collar
23:58 Stone Mining
27:46 Wheelbarrow
27:44 Gold Mining
30:42 Hand Cart
33:50 Imperial Age
31:58 Heavy Plow
32:21 Anarchy
32:53 Scale Mail Armor
33:03 Forging
33:23 Squires
35:23 Chain Mail Armor
38:07 Two-Man Saw
38:04 Iron Casting
39:37 Chemistry
41:14 Blast Furnace
40:36 Conscription
40:45 Elite Huskarl
43:52 Town Watch
45:05 Crop Rotation
44:08 Man-at-Arms
45:51 Coinage
45:22 Caravan
47:21 Banking
46:29 Long Swordsman
47:00 Two-Handed Swordsman
47:45 Champion
Connection lost

Rejoining the realm…

Still unreachable

The connection could not be restored.

Session expired

The server has moved on; the page needs a fresh start.